Map: 克哈裂痕

Players

梦想天生

  • Race: Zerg Zerg
  • Spawn Location: 7:00

喂人民服雾

  • Race: Terran Terran
  • Spawn Location: 7:00

VOD

Have the link to the VOD?

Description

Time

  • Played on: March 1, 2018, 11:31 p.m.
  • Length: 12:19
Show
View Real Time Build Order
Export as new Build Order

梦想天生 Zerg 

Build Orders:  

Get SALT Encoding   

  12  0:23  Roach Warren  
  11  0:46  Spore Crawler, Roach  
  12  0:52  Drone  
  13  1:11  Overlord  
  13  1:37  Drone x2  
  11  1:40  Drone x2, Extractor  
  15  1:41  Extractor  
  15  1:47  Roach  
  15  2:09  Brutalisk  
  15  2:11  Roach  
  15  2:18  Drone x3  
  20  2:49  Drone x2  
  22  2:53  Overlord  
  22  2:57  Roach  
  22  3:18  Lair  
  22  3:19  Brutalisk  
  22  3:41  Roach  
  22  3:42  Drone x2  
  26  4:11  Drone  
  26  4:13  Spire  
  26  4:20  Roach  
  26  4:42  Brutalisk  
  26  4:59  Mutalisk x2  
  30  5:41  Mutalisk  
  30  6:09  Leviathan  
  30  6:15  Spine Crawler  
  30  6:16  Spine Crawler  
  30  6:18  Spine Crawler  
  30  6:19  Spine Crawler  
  26  6:27  Mutalisk  
  28  6:42  Mutalisk  
  28  7:10  Leviathan  
  28  7:31  Drone x2  
  28  7:35  Overlord x2  
  28  7:38  Nydus Network  
  29  8:46  Mutalisk  
  29  9:14  Leviathan  
  29  9:24  Roach  
  29  9:25  Roach x7  
  45  10:03  Overlord x3  
  45  10:17  Nydus Canal  
  45  10:33  Nydus Canal  
  45  10:50  Nydus Canal  
  45  11:09  Roach  
  47  11:10  Roach x2  
Show
View Real Time Build Order
Export as new Build Order

喂人民服雾 Terran 

Build Orders:  

Get SALT Encoding   

Tags
 
Commander
AbathurRaynor
Matchup
Co-op
Replay Pack
Co-op Speedrun
Add a new tag
Caveats
  • Supply blocks, unpowered buildings, or Contaminate may cause inaccurate times.
  • Supply counts are checked every 10 seconds.